[Event "Tepe Sigeman 2026"]
[Site "Elite Plaza Hotel, Gustav Ado"]
[Date "2026.05.07"]
[Round "8.1"]
[White "Erigaisi Arjun"]
[Black "Carlsen, Magnus"]
[Result "0-1"]
[WhiteElo "2776"]
[BlackElo "2869"]
[PlyCount "91"]
[EventDate "2026.??.??"]
[WhiteTeam "IND"]
[BlackTeam "NOR"]
[TimeControl "180+2"]
[BlackClock "0:00:16"]

1. d4 {[%emt 0:00:01] Rafael Leitao Chessbase} Nf6 2. c4 e6 3. Nc3 Bb4 4. g3 O-O 5. Bg2 d5 6. a3 Be7 ({RR} 6... Bxc3+ 7. bxc3 dxc4 ({RR} 7... c6) ({RR} 7... c5) 8. a4 ({RR} 8. Nf3 c5 9. O-O cxd4 10. Qxd4 Nc6 11. Qxc4 e5 12. Bg5 h6 13. Rfd1 Be6 14. Rxd8 Bxc4 15. Rxa8 Rxa8 16. Bxf6 gxf6 17. Kf1 Rd8 18. Ke1 Na5 19. Rd1 Rc8 20. Nd2 Be6 21. c4 Bxc4 22. Nxc4 Rxc4) ({RR} 8. Qa4 Bd7 9. Qxc4 Bc6 10. f3 Qd7 11. e4 Bb5 12. Qa2 Qc6 13. a4 Bc4 14. Qd2 Qa6 15. Ne2 c5 16. Ba3 Nbd7 17. Kf2 Rfd8 18. Qe3 Rac8 19. Rhe1 b6 20. Kg1 Qa5 21. Bb2 Nb8 22. g4 Nc6) ({RR} 8. Nf3 c5 9. O-O cxd4 10. Qxd4 Nc6 11. Qxc4 e5) 8... c5 ({RR} 8... Nc6) 9. Ba3 ({RR} 9. a5 Na6 10. Nf3 Nd5 11. Bb2 Bd7 12. e4 Ne7 13. O-O Rc8 14. Ne5 Bb5 15. d5 Qd6 16. Ng4 exd5 17. exd5 Rcd8 18. Ne3 Nc7 19. Qh5 Ncxd5 20. Rfd1 Bc6 21. Nxc4 Qc7 22. Nd2 b6 23. c4 Nb4) ({RR} 9. a5) 9... Qa5 10. Qc2 Rd8 ({RR} 10... Re8 11. Bxc5 e5) 11. Bxc5 Na6 ({RR} 11... Nc6 12. Bxc6 ({RR} 12. Nf3 Ne4) 12... bxc6) ({RR} 11... Nd5 12. Nf3 ({RR} 12. Bxd5 exd5) 12... Na6 13. Ba3 Qxc3+ 14. Qxc3 Nxc3 15. Nd2) 12. Be7 Rxd4 13. Nf3 Rd7 14. Bxf6 gxf6 15. Nd2 Qc7 ({RR} 15... Rc7) 16. a5 Rb8 17. O-O ({RR} 17. Ra4 b5 ({RR} 17... Nc5 18. Rxc4 Qxa5 19. O-O) 18. axb6 Qxb6) 17... b5 18. axb6 axb6 19. Ne4 Kg7 20. g4 Nc5 21. Ng3 {Erigaisi,A (2782)-Gukesh,D (2787) Stavanger NOR 2025 [Chessbase] 1-0 (62)}) ({RR} 6... Bxc3+ 7. bxc3 dxc4 8. a4 c5 9. Ba3 Qa5 10. Qc2 Rd8 11. Bxc5 Na6 12. Be7 Rxd4 13. Nf3 Rd7 14. Bxf6 gxf6 15. Nd2 Qc7 16. a5 Rb8 17. O-O b5 18. axb6 axb6 19. Ne4 Kg7 20. g4 Nc5 21. Ng3 {Erigaisi Arjun (2782)-Gukesh D (2787) Chess.com 2025 [Rafael Leitao] 1-0 (62)}) 7. Qd3 b6 $146 ({RR} 7... c5 8. dxc5 Nbd7 9. cxd5 Nxc5 10. Qd1 exd5 11. Nf3 Nce4 12. O-O Nxc3 13. bxc3 Bf5 14. Nd4 Be4 15. Bh3 Bc5 16. a4 Re8 17. Nb3 Bd6 18. Be3 Bg6 19. Bd4 Ne4 20. Nd2 Qc7 21. Nxe4 Bxe4 22. a5 {Topalov,V (2780)-Gelfand,B (2737) Nice 2008 ½-½ (35)}) ({RR} 7... h6 8. Nf3 b6 9. cxd5 exd5 10. O-O Bb7 11. Bf4 a5 12. Rac1 Na6 13. Ne5 c5 14. Rfd1 Re8 15. Qf3 cxd4 16. Nb5 Bc5 17. h4 Ne4 18. Nxd4 Bxd4 19. Rxd4 Qf6 20. Qh5 g6 21. Qxh6 Rxe5 22. Bxe5 {Gong,S (2404)-Temirbekov,T (2353) Moscow RUS 2026 ½-½ (112)}) ({RR} 7... c6 8. Nf3 b6 9. O-O a5 10. b3 Ba6 11. a4 Nbd7 12. Rd1 Bb4 13. Bf4 Qe7 14. Rac1 Rac8 15. Ne5 Nxe5 16. dxe5 Nd7 17. Qf3 Rfd8 18. h4 Qe8 19. h5 Bf8 20. h6 g6 21. Bg5 Be7 22. Qf4 {Smirnov,P (2592)-Khismatullin,D (2679) Khanty-Mansiysk 2014 0-1 (67)}) ({RR} 7... c6 8. Nf3 b6 9. O-O Bb7 10. Rd1 Nbd7 11. Bf4 a5 12. cxd5 Ba6 13. Qd2 cxd5 14. Ne5 Rc8 15. Rac1 Nxe5 16. dxe5 Nd7 17. e4 Nc5 18. exd5 Nb3 19. Qe1 Nxc1 20. Bxc1 Qd7 21. d6 Bd8 22. Be3 {Bacrot,E (2714)-Iotov,V (2568) Rijeka 2010 ½-½ (31)}) 8. cxd5 Nxd5 9. Nf3 Bb7 10. Nxd5 exd5 11. O-O Nd7 12. Bf4 c5 13. b3 Re8 14. h4 h6 15. Rfd1 a5 16. a4 Ba6 17. Qc2 Rc8 18. Qb2 Nf6 19. Bh3 Ra8 20. Be5 Bf8 21. Rac1 Ne4 22. dxc5 bxc5 23. Bf5 Nf6 24. Bxf6 Qxf6 25. Qxf6 gxf6 26. Rxd5 Bxe2 27. Nd2 Red8 28. Be4 Rxd5 29. Bxd5 Rd8 30. Ne4 f5 31. Nc3 Ba6 32. Bc4 Bb7 33. Rd1 Rd4 34. Kf1 f4 35. Rxd4 cxd4 36. Nb5 fxg3 37. fxg3 Bc5 38. Ke2 Be4 39. Bd3 f5 40. Nc7 Kf7 41. Na6 Bd6 42. g4 Bxd3+ 43. Kxd3 fxg4 44. Kxd4 Kg6 45. Ke3 Kh5 46. Kd4 0-1

[Event "Tepe Sigeman 2026"]
[Site "Elite Plaza Hotel, Gustav Ado"]
[Date "2026.05.07"]
[Round "9.1"]
[White "Carlsen, Magnus"]
[Black "Erigaisi Arjun"]
[Result "0-1"]
[WhiteElo "2869"]
[BlackElo "2776"]
[PlyCount "78"]
[EventDate "2026.??.??"]
[WhiteTeam "NOR"]
[BlackTeam "IND"]
[TimeControl "180+2"]
[WhiteClock "0:00:10"]
[BlackClock "0:00:38"]

1. e4 d6 2. d4 Nf6 3. Nc3 g6 4. Nf3 Bg7 5. Be2 O-O 6. O-O e6 7. a4 ({RR} 7. e5 dxe5 8. dxe5 Qxd1 9. Rxd1 Nfd7 10. Nb5 a6 11. Nbd4 Nxe5 12. Bf4 Nbd7 13. c3 Nxf3+ 14. Nxf3 e5 15. Be3 Re8 16. Bc4 h6 17. Nd2 Nf6 18. Nb3 b6 19. a4 a5 20. Bb5 Rf8 21. Bc6 Rb8 {Yermolinsky,A (2625)-Benjamin,J (2595) Denver 1998 0-1 (72)}) 7... Nc6 ({RR} 7... a6 8. h3 b6 9. Re1 Bb7 10. e5 Nfd7 11. Bf4 dxe5 12. dxe5 Nc6 13. Bf1 h6 14. Qc1 Kh7 15. Qe3 Nb4 16. Rac1 Qe7 17. h4 Bxf3 18. Qxf3 Qxh4 19. Bg3 Qe7 20. Qe4 a5 21. Nb5 Nc5 22. Qc4 {De Boer,E (2409)-Yeletsky,I (2469) chess.com INT 2025 0-1 (31)}) 8. a5 Rb8 $146 ({RR} 8... a6 9. Be3 e5 10. d5 Ne7 11. Nd2 Ne8 12. Na4 f5 13. f3 Kh8 14. c4 Ng8 15. c5 Bh6 16. Qb3 Bxe3+ 17. Qxe3 Ngf6 18. Qc3 Bd7 19. cxd6 cxd6 20. Nb6 Rb8 21. f4 exf4 22. Rxf4 Ng7 23. Raf1 {Narciso Dublan,M (2505)-Tjiam,D (2377) Figueres 2013 1-0 (54)}) ({RR} 8... a6 9. h3 h6 10. Be3 Kh7 11. Re1 Bd7 12. e5 Nd5 13. Nxd5 exd5 14. Bf4 Be6 15. c3 dxe5 16. dxe5 Rc8 17. Bd3 Ne7 18. Nd4 c5 19. Nxe6 fxe6 20. Qg4 c4 21. Bc2 Nf5 22. Be3 h5 23. Qe2 {Friedrich,N (2317)-Rowson,J (2594) Porto Mannu 2007 0-1 (46)}) ({RR} 8... a6 9. Be3 h6 10. h3 Ne7 11. Nh2 d5 12. e5 Ne4 13. Qd3 c5 14. Nxe4 dxe4 15. Qxe4 cxd4 16. Bxd4 Qc7 17. Ng4 Bd7 18. Nf6+ Kh8 19. Bb6 Qc8 20. c4 Bc6 21. Qf4 g5 22. Qe3 Nf5 23. Qc3 {Bellia,F (2432)-Srdjanov,S (2122) Novi Sad 2017 1-0 (43)}) 9. h3 h6 10. Be3 b6 11. a6 Ne7 12. Qd2 Kh7 13. Bd3 c6 14. Ne2 b5 15. Ng3 Rb6 16. b3 Qc7 17. c4 bxc4 18. bxc4 c5 19. d5 e5 20. Nh2 Bxa6 21. f4 exf4 22. Bxf4 Nd7 23. Ra2 Ne5 24. Bxe5 Bxe5 25. Ng4 Bd4+ 26. Kh1 Ng8 27. e5 dxe5 28. Ne4 f5 29. Nxh6 Nxh6 30. Ng5+ Kg7 31. Ne6+ Rxe6 32. dxe6 Bc8 33. Qg5 Bxe6 34. Ra6 Rf6 35. Rb1 e4 36. Be2 Nf7 37. Qd2 Bc8 38. Rxf6 Bxf6 39. Qd5 Bd4 0-1

[Event "Tepe Sigeman 2026"]
[Site "Elite Plaza Hotel, Gustav Ado"]
[Date "2026.05.07"]
[Round "10.1"]
[White "Erigaisi Arjun"]
[Black "Carlsen, Magnus"]
[Result "0-1"]
[WhiteElo "2776"]
[BlackElo "2869"]
[PlyCount "72"]
[EventDate "2026.??.??"]
[WhiteTeam "IND"]
[BlackTeam "NOR"]
[TimeControl "150+2"]
[WhiteClock "0:00:06"]
[BlackClock "0:00:11"]

1. d4 Nf6 2. c4 e6 3. Nc3 d5 4. cxd5 exd5 5. Bg5 Be7 6. e3 h6 7. Bh4 O-O 8. Bd3 c6 9. Nge2 Nbd7 10. Qc2 Re8 11. O-O a5 12. a4 Nh5 13. Bxe7 Qxe7 14. Rae1 Ndf6 ({RR} 14... Nb6 15. Kh1 Bd7 16. Nc1 Nf6 17. Nb3 Qd6 18. f3 Be6 19. Nc5 Nbd7 20. Nxb7 Qb4 21. Nc5 Nxc5 22. dxc5 Qxc5 23. Ne4 Nxe4 24. Bxe4 Qxc2 25. Bxc2 Rab8 26. b3 c5 27. Rd1 Rec8 28. Rb1 f5 29. Kg1 {Fiskaaen,M (2301)-Makarian,R (2535) chess.com INT 2026 0-1 (52)}) 15. Nc1 Ne4 $146 ({RR} 15... c5 16. dxc5 Be6 17. Nb5 Rec8 18. Nb3 Nd7 19. Rc1 Nxc5 20. Nxc5 b6 21. Qe2 bxc5 22. Qxh5 Qf6 23. b3 Rab8 24. Qf3 Qg5 25. Qf4 Qh5 26. Rxc5 Rxc5 27. Qxb8+ Rc8 28. Qf4 g5 29. Qf6 g4 30. Nd4 {Shivakumar,A (1822)-Schell,F (1995) Kenilworth ENG 2025 1-0}) ({RR} 15... g6 16. f3 b6 17. Qd2 c5 18. Bb5 Rd8 19. Nd3 Bb7 20. Qf2 Ng7 21. Ne5 Ne6 22. f4 cxd4 23. exd4 Ne4 24. Nxe4 dxe4 25. f5 Nxd4 26. fxg6 f5 27. Nf7 Kg7 28. Rd1 Nxb5 29. Nxd8 Rxd8 30. Rxd8 {Giannoulakis,L (2352)-Samaridis,K (2053) Paphos CYP 2023 1-0 (33)}) ({RR} 15... g6 16. f3 b6 17. Qd2 c5 18. Bb5 Rd8 19. Nd3 Bb7 20. Qf2 Ng7 21. Ne5 Ne6 22. f4 cxd4 23. exd4 Ne4 24. Nxe4 dxe4 25. f5 Nxd4 26. fxg6 f5 27. Nf7 Kg7 28. Rd1 Nxb5 29. Nxd8 Rxd8 30. Rxd8 {Giannoulakis,L (2352)-Samaridis,K (2053) Paphos CYP 2023 1-0 (33)}) 16. f3 Nxc3 17. bxc3 c5 18. e4 cxd4 19. exd5 Qd8 20. cxd4 Rxe1 21. Rxe1 Nf6 22. Qb3 Bd7 23. Bc4 Ne8 24. Nd3 Nd6 25. Ne5 Qh4 26. Rd1 Be8 27. Bf1 Rc8 28. Qb6 Bxa4 29. Ra1 Qf4 30. h3 Be8 31. Rxa5 Qe3+ 32. Kh2 Qf4+ 33. Kg1 Nf5 34. Ra1 Qe3+ 35. Kh2 Nxd4 36. Ng4 Nxf3+ 0-1